[ PARTIDA AOE2 · #495538144 ]
UnrankedPolacos vs Celts
Equipo del jugador · VICT
Equipo rival · DERR
[ ANÁLISIS DE REPETICIÓN · EXTRAÍDO DE LA PARTIDA GRABADA ]
Feudal
8:41
Castillos
20:20
Imperial
33:17
| APM promedio | 52.0 |
| APM pico | 92 |
| eAPM promedio | 28.2 |
| Aldeanos / militares | 106 / 78 |
Foco
⚔️ 39.5% · 🌾 60.5%
Archer ×47 · Scout Cavalry ×21 · Obuch ×5 · Mangonel ×4 · Spearman ×1
Feudal
10:40
Castillos
23:09
Imperial
28:58
| APM promedio | 45.8 |
| APM pico | 100 |
| eAPM promedio | 24.1 |
| Aldeanos / militares | 68 / 47 |
Foco
⚔️ 23.9% · 🌾 76.1%
Woad Raider ×36 · Battering Ram ×5 · Spearman ×3 · Trebuchet (Packed) ×2 · Mangonel ×1
Mapa de la partida
Recursos iniciales + cada clic de construcción. Líneas = muros · curvas = relieve. ◆ oro · ⬟ piedra · ● bayas · ✦ reliquia · ◌ hueco del cierre
Tu base· ✓ Cerrada en 20:20 · 29t muro · 3 puerta(s)
Base de lalo_caesta· ✓ Cerrada en 23:09 · 3t muro · 5 puerta(s)
Terreno inicial suavizado · ◌ = hueco del cierre detectado · pasá el cursor para detalles
Inputs por minuto
— DL | Lich - - lalo_caesta
Build order — DL | Lich
Primeras 150 de 381 acciones detectadas
| 0:01 | Crear | Villager (Male) |
| 0:02 | Construir | House |
| 0:04 | Construir | House |
| 0:15 | Crear | Villager (Male) |
| 0:15 | Crear | Villager (Male) |
| 0:16 | Crear | Villager (Male) |
| 1:19 | Crear | Villager (Male) |
| 1:41 | Crear | Villager (Male) |
| 1:45 | Construir | Lumber Camp |
| 2:29 | Crear | Villager (Male) |
| 2:45 | Crear | Villager (Male) |
| 3:19 | Crear | Villager (Male) |
| 3:41 | Crear | Villager (Male) |
| 3:44 | Construir | Mill |
| 4:04 | Crear | Villager (Male) |
| 4:05 | Crear | Villager (Male) |
| 4:23 | Crear | Villager (Male) |
| 4:27 | Crear | Villager (Male) |
| 4:53 | Investigar | Loom |
| 4:53 | Investigar | Loom |
| 6:31 | Investigar | Feudal Age |
| 6:31 | Investigar | Feudal Age |
| 7:01 | Construir | House |
| 7:02 | Construir | House |
| 7:35 | Crear | Villager (Male) |
| 8:12 | Construir | Mining Camp |
| 8:41 | Edad | Edad Feudal |
| 8:41 | Investigar | Double-Bit Axe |
| 8:44 | Construir | Watch Tower |
| 8:59 | Investigar | Horse Collar |
| 9:05 | Construir | Farm |
| 9:08 | Construir | Farm |
| 9:25 | Crear | Villager (Male) |
| 9:34 | Construir | Farm |
| 9:43 | Construir | Farm |
| 9:50 | Crear | Villager (Male) |
| 10:16 | Crear | Villager (Male) |
| 10:24 | Construir | Farm |
| 11:01 | Crear | Villager (Male) |
| 11:05 | Construir | Stone Wall |
| 11:05 | Construir | Stone Wall |
| 11:07 | Construir | Stone Wall |
| 11:16 | Construir | Stone Wall |
| 11:19 | Construir | Stone Wall |
| 11:20 | Construir | Stone Wall |
| 11:29 | Crear | Villager (Male) |
| 11:35 | Crear | Villager (Male) |
| 11:39 | Construir | Farm |
| 11:42 | Construir | Watch Tower |
| 11:44 | Construir | Stone Wall |
| 11:46 | Construir | Stone Wall |
| 11:49 | Construir | Stone Wall |
| 11:50 | Construir | Stone Wall |
| 11:53 | Construir | Stone Wall |
| 11:54 | Construir | Stone Wall |
| 11:55 | Construir | Stone Wall |
| 12:02 | Crear | Villager (Male) |
| 12:25 | Construir | Stone Wall |
| 12:26 | Construir | Stone Wall |
| 12:27 | Construir | Stone Wall |
| 12:50 | Crear | Villager (Male) |
| 12:54 | Construir | Stone Wall |
| 12:59 | Construir | Stone Wall |
| 12:59 | Construir | Stone Wall |
| 13:07 | Crear | Villager (Male) |
| 13:12 | Construir | Barracks |
| 13:12 | Crear | Villager (Male) |
| 13:15 | Construir | Farm |
| 13:17 | Construir | Mill |
| 13:21 | Construir | Mill |
| 13:38 | Construir | Stone Wall |
| 13:56 | Investigar | Wheelbarrow |
| 13:56 | Investigar | Wheelbarrow |
| 14:06 | Construir | Watch Tower |
| 14:19 | Construir | Stone Wall |
| 14:27 | Crear | Villager (Male) |
| 15:01 | Construir | Stone Wall |
| 15:01 | Construir | Stone Wall |
| 15:07 | Crear | Villager (Male) |
| 15:27 | Crear | Villager (Male) |
| 15:34 | Construir | Stone Wall |
| 15:39 | Construir | Stone Wall |
| 15:39 | Construir | Stone Wall |
| 15:40 | Construir | Stone Wall |
| 15:41 | Construir | Stone Wall |
| 15:45 | Construir | Stone Wall |
| 15:46 | Construir | Stone Wall |
| 15:50 | Construir | Stone Wall |
| 15:51 | Construir | Stone Wall |
| 15:52 | Construir | Stone Wall |
| 16:26 | Construir | Farm |
| 16:28 | Construir | Farm |
| 16:30 | Crear | Villager (Male) |
| 16:37 | Construir | Blacksmith |
| 16:47 | Construir | Stable |
| 16:52 | Crear | Spearman |
| 16:59 | Crear | Villager (Male) |
| 17:40 | Investigar | Castle Age |
| 17:47 | Construir | House |
| 17:55 | Construir | Stable |
| 17:56 | Crear | Scout Cavalry |
| 18:02 | Crear | Scout Cavalry |
| 18:08 | Investigar | Scale Barding Armor |
| 18:08 | Investigar | Scale Barding Armor |
| 18:27 | Crear | Scout Cavalry |
| 18:39 | Investigar | Forging |
| 18:39 | Investigar | Forging |
| 19:05 | Crear | Scout Cavalry |
| 19:22 | Crear | Scout Cavalry |
| 19:23 | Crear | Scout Cavalry |
| 19:28 | Construir | Farm |
| 19:28 | Construir | Farm |
| 19:28 | Construir | Farm |
| 19:29 | Construir | Farm |
| 19:46 | Crear | Villager (Male) |
| 19:52 | Construir | House |
| 20:00 | Crear | Scout Cavalry |
| 20:07 | Construir | House |
| 20:08 | Construir | House |
| 20:20 | Edad | Edad de los Castillos |
| 20:23 | Investigar | Light Cavalry (upgrade) |
| 20:24 | Investigar | Light Cavalry (upgrade) |
| 20:24 | Crear | Scout Cavalry |
| 20:24 | Crear | Scout Cavalry |
| 20:24 | Crear | Scout Cavalry |
| 20:31 | Construir | Outpost |
| 20:41 | Crear | Scout Cavalry |
| 20:53 | Crear | Scout Cavalry |
| 20:53 | Crear | Villager (Male) |
| 20:55 | Construir | Farm |
| 20:58 | Crear | Villager (Male) |
| 21:02 | Construir | Farm |
| 21:02 | Construir | Farm |
| 21:03 | Crear | Scout Cavalry |
| 21:03 | Crear | Scout Cavalry |
| 21:15 | Crear | Scout Cavalry |
| 21:34 | Crear | Scout Cavalry |
| 21:34 | Crear | Scout Cavalry |
| 21:38 | Crear | Villager (Male) |
| 21:39 | Crear | Villager (Male) |
| 21:56 | Crear | Villager (Male) |
| 21:56 | Crear | Villager (Male) |
| 22:00 | Construir | Outpost |
| 22:01 | Crear | Villager (Male) |
| 22:17 | Crear | Scout Cavalry |
| 22:18 | Crear | Scout Cavalry |
| 22:27 | Crear | Villager (Male) |
| 22:28 | Investigar | Bow Saw |
| 22:29 | Investigar | Heavy Plow |
| 22:42 | Investigar | Heavy Plow |
Build order — lalo_caesta
Primeras 150 de 194 acciones detectadas
| 0:00 | Crear | Villager (Male) |
| 0:00 | Crear | Villager (Male) |
| 0:01 | Crear | Villager (Male) |
| 0:01 | Crear | Villager (Male) |
| 0:01 | Crear | Villager (Male) |
| 0:02 | Construir | House |
| 0:04 | Construir | House |
| 1:29 | Crear | Villager (Male) |
| 1:54 | Crear | Villager (Male) |
| 2:09 | Construir | Lumber Camp |
| 2:26 | Crear | Villager (Male) |
| 2:52 | Crear | Villager (Male) |
| 3:09 | Crear | Villager (Male) |
| 3:36 | Crear | Villager (Male) |
| 3:51 | Construir | House |
| 3:53 | Construir | House |
| 4:13 | Crear | Villager (Male) |
| 4:15 | Construir | Mill |
| 4:33 | Crear | Villager (Male) |
| 4:50 | Crear | Villager (Male) |
| 5:21 | Crear | Villager (Male) |
| 5:27 | Crear | Villager (Male) |
| 6:01 | Construir | Mining Camp |
| 6:15 | Crear | Villager (Male) |
| 6:30 | Crear | Villager (Male) |
| 6:31 | Crear | Villager (Male) |
| 6:47 | Construir | Farm |
| 6:55 | Crear | Villager (Male) |
| 7:03 | Construir | Farm |
| 7:16 | Construir | Mining Camp |
| 8:04 | Construir | Farm |
| 8:05 | Crear | Villager (Male) |
| 8:25 | Investigar | Feudal Age |
| 8:36 | Construir | House |
| 10:06 | Construir | Palisade Wall |
| 10:13 | Investigar | Loom |
| 10:21 | Crear | Villager (Male) |
| 10:40 | Edad | Edad Feudal |
| 11:20 | Construir | Watch Tower |
| 11:27 | Crear | Villager (Male) |
| 11:31 | Construir | Market |
| 11:42 | Construir | Palisade Wall |
| 11:43 | Construir | Palisade Wall |
| 11:46 | Construir | Watch Tower |
| 12:02 | Construir | Blacksmith |
| 12:02 | Crear | Villager (Male) |
| 13:03 | Crear | Villager (Male) |
| 13:29 | Crear | Villager (Male) |
| 13:32 | Crear | Villager (Male) |
| 13:56 | Crear | Villager (Male) |
| 14:00 | Construir | House |
| 14:04 | Construir | Lumber Camp |
| 14:44 | Crear | Villager (Male) |
| 14:50 | Construir | Farm |
| 15:14 | Construir | House |
| 15:17 | Crear | Villager (Male) |
| 15:32 | Crear | Villager (Male) |
| 16:25 | Crear | Villager (Male) |
| 16:31 | Construir | Mill |
| 16:32 | Construir | Farm |
| 16:32 | Construir | Farm |
| 16:32 | Construir | Farm |
| 16:32 | Construir | Farm |
| 16:33 | Construir | Farm |
| 16:33 | Construir | Farm |
| 16:33 | Construir | Farm |
| 16:33 | Construir | Farm |
| 16:34 | Construir | Farm |
| 16:34 | Construir | Farm |
| 16:34 | Construir | Farm |
| 16:35 | Construir | Farm |
| 16:39 | Crear | Villager (Male) |
| 16:55 | Crear | Villager (Male) |
| 17:12 | Crear | Villager (Male) |
| 17:14 | Construir | Mining Camp |
| 17:44 | Construir | Farm |
| 17:48 | Construir | Farm |
| 17:51 | Construir | Farm |
| 17:58 | Crear | Villager (Male) |
| 18:27 | Crear | Villager (Male) |
| 19:05 | Crear | Villager (Male) |
| 19:37 | Crear | Villager (Male) |
| 19:41 | Construir | Barracks |
| 20:04 | Crear | Villager (Male) |
| 20:20 | Investigar | Castle Age |
| 20:31 | Crear | Spearman |
| 20:31 | Crear | Spearman |
| 20:35 | Construir | House |
| 20:54 | Construir | Gate |
| 21:06 | Construir | Gate |
| 21:18 | Crear | Spearman |
| 21:24 | Construir | Farm |
| 23:09 | Edad | Edad de los Castillos |
| 23:11 | Crear | Villager (Male) |
| 23:13 | Crear | Villager (Male) |
| 23:22 | Construir | Castle |
| 23:42 | Crear | Villager (Male) |
| 24:21 | Crear | Villager (Male) |
| 24:48 | Crear | Villager (Male) |
| 24:54 | Investigar | Double-Bit Axe |
| 24:57 | Investigar | Horse Collar |
| 25:23 | Crear | Villager (Male) |
| 25:37 | Investigar | Imperial Age |
| 25:37 | Investigar | Imperial Age |
| 25:44 | Crear | Woad Raider |
| 25:58 | Investigar | Scale Mail Armor |
| 25:58 | Investigar | Scale Mail Armor |
| 26:08 | Crear | Woad Raider |
| 26:14 | Crear | Woad Raider |
| 26:21 | Crear | Woad Raider |
| 26:27 | Crear | Villager (Male) |
| 26:41 | Crear | Woad Raider |
| 26:52 | Crear | Woad Raider |
| 26:52 | Crear | Woad Raider |
| 27:03 | Crear | Villager (Male) |
| 27:18 | Crear | Woad Raider |
| 27:18 | Crear | Woad Raider |
| 27:30 | Construir | Farm |
| 27:30 | Construir | Farm |
| 27:30 | Construir | Farm |
| 27:31 | Construir | Farm |
| 27:31 | Construir | Farm |
| 27:37 | Crear | Woad Raider |
| 27:45 | Crear | Woad Raider |
| 27:57 | Crear | Woad Raider |
| 28:06 | Construir | Outpost |
| 28:09 | Investigar | Town Watch |
| 28:14 | Crear | Woad Raider |
| 28:34 | Investigar | Arson |
| 28:34 | Investigar | Arson |
| 28:39 | Crear | Woad Raider |
| 28:52 | Crear | Woad Raider |
| 28:58 | Edad | Edad Imperial |
| 29:07 | Crear | Woad Raider |
| 29:13 | Crear | Villager (Male) |
| 29:42 | Crear | Villager (Male) |
| 29:43 | Crear | Woad Raider |
| 29:50 | Crear | Woad Raider |
| 29:55 | Construir | Siege Workshop |
| 30:08 | Crear | Villager (Male) |
| 30:26 | Investigar | Forging |
| 30:26 | Investigar | Forging |
| 30:29 | Crear | Villager (Male) |
| 30:34 | Crear | Trebuchet (Packed) |
| 30:43 | Crear | Woad Raider |
| 30:49 | Construir | Farm |
| 30:50 | Construir | Farm |
| 30:52 | Crear | Villager (Male) |
| 31:05 | Crear | Woad Raider |
| 31:15 | Construir | House |
Cronología de la partida
| 8:41 | DL | Lich · age_up feudal |
| 10:06 | lalo_caesta · wall_segment Palisade Wall x1 |
| 10:40 | lalo_caesta · age_up feudal |
| 11:05 | DL | Lich · wall_segment Stone Wall x1 |
| 11:05 | DL | Lich · wall_segment Stone Wall x1 |
| 11:07 | DL | Lich · wall_segment Stone Wall x1 |
| 11:16 | DL | Lich · wall_segment Stone Wall x1 |
| 11:19 | DL | Lich · wall_segment Stone Wall x1 |
| 11:20 | DL | Lich · wall_segment Stone Wall x1 |
| 11:42 | lalo_caesta · wall_segment Palisade Wall x1 |
| 11:43 | lalo_caesta · wall_segment Palisade Wall x1 |
| 11:44 | DL | Lich · wall_segment Stone Wall x1 |
| 11:46 | DL | Lich · wall_segment Stone Wall x1 |
| 11:49 | DL | Lich · wall_segment Stone Wall x1 |
| 11:50 | DL | Lich · wall_segment Stone Wall x1 |
| 11:53 | DL | Lich · wall_segment Stone Wall x1 |
| 11:54 | DL | Lich · wall_segment Stone Wall x1 |
| 11:55 | DL | Lich · wall_segment Stone Wall x1 |
| 12:25 | DL | Lich · wall_segment Stone Wall x1 |
| 12:26 | DL | Lich · wall_segment Stone Wall x1 |
| 12:27 | DL | Lich · wall_segment Stone Wall x1 |
| 12:54 | DL | Lich · wall_segment Stone Wall x1 |
| 12:59 | DL | Lich · wall_segment Stone Wall x1 |
| 12:59 | DL | Lich · wall_segment Stone Wall x1 |
| 13:12 | DL | Lich · first_building Barracks |
| 13:38 | DL | Lich · wall_segment Stone Wall x1 |
| 14:19 | DL | Lich · wall_segment Stone Wall x1 |
| 15:01 | DL | Lich · wall_segment Stone Wall x1 |
| 15:01 | DL | Lich · wall_segment Stone Wall x1 |
| 15:34 | DL | Lich · wall_segment Stone Wall x1 |
| 15:39 | DL | Lich · wall_segment Stone Wall x1 |
| 15:39 | DL | Lich · wall_segment Stone Wall x1 |
| 15:40 | DL | Lich · wall_segment Stone Wall x1 |
| 15:41 | DL | Lich · wall_segment Stone Wall x1 |
| 15:45 | DL | Lich · wall_segment Stone Wall x1 |
| 15:46 | DL | Lich · wall_segment Stone Wall x1 |
| 15:50 | DL | Lich · wall_segment Stone Wall x1 |
| 15:51 | DL | Lich · wall_segment Stone Wall x1 |
| 15:52 | DL | Lich · wall_segment Stone Wall x1 |
| 16:47 | DL | Lich · first_building Stable |
| 19:41 | lalo_caesta · first_building Barracks |
| 20:20 | DL | Lich · age_up castle |
| 23:09 | lalo_caesta · age_up castle |
| 23:17 | lalo_caesta · first_market_buy 100 stone |
| 23:22 | lalo_caesta · first_building Castle |
| 24:59 | lalo_caesta · first_market_sell 100 wood |
| 25:58 | DL | Lich · first_building Siege Workshop |
| 26:28 | DL | Lich · wall_segment Stone Wall x1 |
| 26:29 | DL | Lich · wall_segment Stone Wall x1 |
| 26:30 | DL | Lich · wall_segment Stone Wall x1 |
| 26:31 | DL | Lich · wall_segment Stone Wall x1 |
| 26:50 | DL | Lich · first_building Archery Range |
| 28:50 | DL | Lich · wall_segment Stone Wall x1 |
| 28:58 | lalo_caesta · age_up imperial |
| 29:48 | DL | Lich · wall_segment Stone Wall x1 |
| 29:55 | lalo_caesta · first_building Siege Workshop |
| 30:37 | DL | Lich · first_market_sell 100 wood |
| 31:26 | DL | Lich · wall_segment Stone Wall x4 |
| 31:33 | DL | Lich · first_building Castle |
| 33:10 | DL | Lich · wall_segment Stone Wall x1 |
| 33:17 | DL | Lich · age_up imperial |
| 38:03 | lalo_caesta · resign |
[ ANÁLISIS IA · 1 CRÉDITO ]
¿Qué pasó realmente en esta partida?
Wolo.gg analiza cada decisión: build order, eco, micro, errores típicos por bracket. Análisis personalizado por WhatsApp o Discord en 30 segundos.
Guía civ
Polacos
Perfil
DL | Lich